 Dungeon Crawl Stone Soup version 0.26.0-10-g1f06aea511 (webtiles) character file.

Game seed: 16045634115299930062

2714 Borgoz the Fighter (level 9, -3/81 HPs)
             Began as a Ghoul Gladiator on Jan 15, 2021.
             Was an Initiate of Ashenzari.
             Splashed by Harold's acid (12 damage)
             ... on level 8 of the Dungeon.
             The game lasted 00:15:49 (9311 turns).

Borgoz the Fighter (Ghoul Gladiator)                Turns: 9311, Time: 00:15:50

Health: -3/81      AC:  7    Str: 18    XL:     9   Next: 66%
Magic:  8/8        EV: 15    Int:  3    God:    Ashenzari [......]
Gold:   507        SH: 11    Dex: 19    Spells: 8/8 levels left

rFire    + . .     SeeInvis .   a - +1 long sword
rCold    + . .     Faith    .   t - +2 buckler {rF+}
rNeg     + + +     Spirit   .   m - +0 ring mail
rPois    ∞         Reflect  +   c - +0 helmet
rElec    .         Harm     .   (no cloak)
rCorr    .         Rampage  .   (no gloves)
Will     .....                  (no boots)
Stlth    +.........             k - amulet of reflection
HPRegen  0.00/turn              n - +6 ring of dexterity
MPRegen  0.11/turn              (no ring)

@: marked, studying Fighting
A: claws 1, cold resistance 1, negative energy resistance 3, inhibited
regeneration, torment resistance, unbreathing
a: Renounce Religion, Curse Item


You were on level 8 of the Dungeon.
You worshipped Ashenzari.
Ashenzari was noncommittal.
You visited 2 branches of the dungeon, and saw 9 of its levels.
You also visited: Sewer, Ossuary and Bailey.

You collected 507 gold pieces.

Inventory:

Hand Weapons
 a - a +1 long sword (weapon)
Armour
 c - a +0 helmet (worn)
 l - a +1 crystal plate armour
 m - a +0 ring mail (worn)
 q - a +0 kite shield of cold resistance
 t - a +2 buckler of fire resistance (worn)
Jewellery
 k - an amulet of reflection (around neck)
 n - a +6 ring of dexterity (left claw)
Wands
 j - a wand of digging (7)
 r - a wand of flame (19)
Scrolls
 b - a scroll of fog
 f - 6 scrolls of remove curse
 g - 3 scrolls of teleportation
 h - 3 scrolls of enchant armour
Potions
 e - 6 potions of curing
 i - 3 potions of heal wounds
 o - a potion of might
 p - a potion of haste
 u - 3 potions of brilliance
 v - a potion of flight
 z - a potion of resistance {unknown}
Books
 s - a manual of Fighting


   Skills:
 + Level 8.1 Fighting
 + Level 7.4 Long Blades
 - Level 2.0 Throwing
 * Level 5.4 Armour
 * Level 6.3 Dodging


You had 8 spell levels left.
You didn't know any spells.
Your spell library contained the following spells:

 Spells                   Type           Power        Failure   Level
 Magic Dart               Conj           0%           86%         1
 Searing Ray              Conj           0%           95%         2
 Dazzling Flash           Conj/Hex       0%           99%         3
 Fulminant Prism          Conj/Hex       0%           100%        4
 Iskenderun's Mystic Bla  Conj/Tloc      0%           100%        4


Dungeon Overview and Level Annotations

Branches:
Dungeon (8/15)             Temple (1/1) D:6           Sewer (visited)
Ossuary (visited)          Bailey (visited)
   Lair: D:8-11

Altars:
Ashenzari
Cheibriados
Dithmenos
Elyvilon
Fedhas
Gozag
Kikubaaqudgha
Nemelex Xobeh
Okawaru
Qazlal
Ru
Sif Muna
Trog
Uskayaw
Vehumet
Xom
Zin

Shops:
D:7 :

Annotations:
D:8 Harold


Innate Abilities, Weirdness & Mutations

You thrive by killing the living.
You are immune to poison.
You have sharp fingernails.
Your flesh is cold resistant. (rC+)
You are immune to negative energy. (rN+++)
You do not regenerate when monsters are visible.
You are immune to unholy pain and torment.
You can survive without breathing.


Message History

The mark upon you grows brighter.
Harold struggles against the net.
You hit Harold.
Harold is moderately wounded.
You completely miss Harold.
Harold is moderately wounded.
Harold struggles against the net.
You slash Harold!
Harold is heavily wounded.
Harold zaps a wand.
The bolt of acid hits you!
You are splashed with acid!
* * * LOW HITPOINT WARNING * * *
Harold struggles against the net.
You hit Harold.
Harold is heavily wounded.
You hit Harold.
Harold is heavily wounded.
Harold struggles against the net.
Harold zaps a wand.
The bolt of acid hits you!
* * * LOW HITPOINT WARNING * * *
You are splashed with acid!
You die...

## ##
.##. ...
.. .##
#.##
##<.###
##.....#
#@...#..#
#.@..##
#..#
#...###
#. #...##
....#
....#
?...#
..##


You could see Harold (caught).

Vanquished Creatures
  An orc knight (Bailey)
  Prince Ribbit (D:6)
  Eustachio (D:6)
  3 orc warriors
  A centaur (D:7)
  An ogre (D:7)
  A big kobold (Sewer)
  3 bullfrogs
  2 scorpions (D:6)
  3 wights (D:6)
  A howler monkey (D:6)
  A centaur zombie (Ossuary)
  A jelly (D:6)
  A human zombie (Ossuary)
  A hound (D:6)
  2 orc priests
  10 orc wizards
  A bullfrog skeleton (D:4)
  4 worker ants
  A big kobold zombie (Ossuary)
  3 mummies (Ossuary)
  3 hound zombies (Ossuary)
  A howler monkey skeleton (D:4)
  3 gnolls (D:5)
  7 adders
  A shadow imp (D:7)
  An ufetubus (D:6)
  5 oozes
  2 adder zombies (Ossuary)
  2 worms
  A dart slug (D:1)
  3 leopard geckos
  27 orcs
  4 ball pythons
  8 giant cockroaches
  A gnoll zombie (Ossuary)
  12 goblins
  7 hobgoblins
  4 jackals (D:1)
  A quokka (D:4)
  5 bats
  8 frilled lizards
  6 goblin zombies (Ossuary)
  4 hobgoblin zombies (Ossuary)
  2 jackal skeletons
  20 kobolds
  2 kobold zombies (Ossuary)
  4 orc zombies (Ossuary)
  6 quokka zombies (Ossuary)
  11 rats
  5 rat zombies (Ossuary)
209 creatures vanquished.

Vanquished Creatures (others)
  4 fungi (D:5)
  A plant (Sewer)
5 creatures vanquished.

Grand Total: 214 creatures vanquished

Notes
Turn   | Place    | Note
-------+----------+-------------------------------------------
     0 | D:1      | Borgoz the Ghoul Gladiator began the quest for the Orb.
     0 | D:1      | Reached XP level 1. HP: 17/17 MP: 0/0
    73 | D:1      | Reached XP level 2. HP: 20/25 MP: 1/1
   559 | D:1      | Reached XP level 3. HP: 24/30 MP: 2/2
   793 | D:1      | You fall into a shaft and drop 1 floor!
  1437 | D:2      | Found a shimmering blue altar of Sif Muna.
  2071 | D:3      | Found a sacrificial altar of Ru.
  2081 | D:3      | Reached XP level 4. HP: 35/37 MP: 3/3
  2109 | D:3      | Reached skill level 3 in Fighting
  2109 | D:3      | Reached skill level 1 in Armour
  2406 | D:3      | Reached XP level 5. HP: 41/45 MP: 4/4
  2737 | D:4      | Found a shimmering altar of Xom.
  2738 | D:4      | Found a shimmering altar of Xom.
  2740 | D:4      | Found a shimmering altar of Xom.
  3189 | D:4      | Reached XP level 6. HP: 46/51 MP: 5/5
  3225 | D:4      | Found an opulent altar of Gozag.
  3614 | D:5      | Entered Level 5 of the Dungeon
  3761 | D:5      | Found a sand-covered staircase.
  3778 | Ossuary  | Entered an ossuary
  4367 | Ossuary  | Reached skill level 4 in Fighting
  4367 | Ossuary  | Reached XP level 7. HP: 59/59 MP: 6/6
  4963 | D:5      | Reached skill level 5 in Long Blades
  5876 | D:6      | Noticed Eustachio
  5885 | D:6      | Reached XP level 8. HP: 49/67 MP: 7/7
  5901 | D:6      | Reached skill level 5 in Fighting
  5929 | D:6      | Killed Eustachio
  5955 | D:6      | Found a staircase to the Ecumenical Temple.
  5998 | D:6      | Reached skill level 6 in Fighting
  6001 | D:6      | Reached skill level 5 in Dodging
  6004 | D:6      | Noticed Prince Ribbit
  6011 | D:6      | Killed Prince Ribbit
  6078 | D:6      | Reached XP level 9. HP: 30/78 MP: 8/8
  6094 | D:6      | Found a glowing drain.
  6106 | Sewer    | Entered a sewer
  6295 | Sewer    | Reached skill level 7 in Fighting
  6660 | Temple   | Entered the Ecumenical Temple
  6732 | Temple   | Became a worshipper of Ashenzari the Shackled
  7256 | D:6      | Found a blossoming altar of Fedhas.
  7395 | D:7      | Found a flagged portal.
  7420 | Bailey   | Entered a bailey
  7595 | Bailey   | Noticed an orc knight
  7832 | Bailey   | Killed an orc knight
  7833 | Bailey   | Reached skill level 5 in Armour
  8785 | D:7      | Found Bojioror's Book Shoppe.
  8869 | D:7      | Found an iron altar of Okawaru.
  8918 | D:7      | Reached skill level 8 in Fighting
  9289 | D:8      | Noticed Harold
  9311 | D:8      | Splashed by Harold's acid

Illustrated notes

Levels and vault maps discovered:
D:1:      elethiomel_arrival_infinity_welcomes_careful_drivers,
          layout_loops_ring
D:2:      layout_basic, lemuel_blue_sif_altar
D:3:      layout_loops_ring, nicolae_ru_sacrificial_ziggurat,
          lemuel_old_faithful
D:4:      layout_loops_ring, lemuel_crystal_altar, xom_redecorated
D:5:      layout_loops_ring, enter_ossuary_5, serial_aquarium,
          aquarium_bridge_long_joined [aquarium_subvault_bridge,
          aquarium_subvault_bridge, aquarium_subvault_wall,
          aquarium_subvault_wall, aquarium_subvault_wall,
          aquarium_subvault_bridge], aquarium_window_fake, aquarium_window_fake,
          aquarium_view_2g, aquarium_view_2f, aquarium_balcony_5b,
          minmay_manual_mandibuliform
D:6:      layout_loops_ring, minmay_temple_entry_junction,
          gup_sewer_entry_bubbles, fedhas_altar_4, uniq_eustachio,
          uniq_prince_ribbit1
D:7:      layout_loops_ring, okawaru_gym_becter, serial_shops, shop,
          enter_bailey_5
D:8:      layout_cave_pods, marbit_many_paths, erik_lair_island, uniq_grum,
          uniq_harold
Temple:   eino_temple_scatter_basement

Skill      XL: |  1  2  3  4  5  6  7  8  9 |
---------------+----------------------------+-----
Throwing       | 2 |  2.0
Long Blades    | 3 4 5 6 7 |  7.4
Dodging        | 3 4 5 6 |  6.3
Fighting       | 3 4 6 8 |  8.1
Armour         | 1 2 3 4 5 |  5.4

Action                   |  1- 3 |  4- 6 |  7- 9 || total
-------------------------+-------+-------+-------++-------
Melee: Long sword        |   124 |   228 |   440 ||   792
Throw: Throwing net      |       |       |     7 ||     7
Evoke: Wand              |       |       |    21 ||    21
  Use: Scroll            |     1 |     9 |     8 ||    18
       Potion            |       |     4 |     5 ||     9
 Stab: Sleeping          |     1 |       |       ||     1
       Held in net/web   |       |       |     4 ||     4
Armor: Leather armour    |    17 |       |       ||    17
       Ring mail         |    13 |    90 |    65 ||   168
Dodge: Dodged            |    76 |   168 |   201 ||   445
Block: Other             |    11 |    60 |    15 ||    86
       Buckler           |       |       |   178 ||   178
       Reflection        |       |       |     5 ||     5
       Rpst.: Long sword |    25 |    49 |    64 ||   138
